 Seeded DCSS version 0.30.1-11-g7821555f0a (webtiles) character file.

Game seed: 10787548041186868589 (custom seed)

19707 tkbsonic5 the Skirmisher (level 12, -3/76 (79) HPs)
             Began as a Spriggan Hunter on Nov 12, 2023.
             Was a Priest of Fedhas.
             Killed by vampiric draining
             ... invoked by Josephine
              (13 damage)
             ... on level 12 of the Dungeon.
             The game lasted 00:59:39 (9942 turns).

tkbsonic5 the Skirmisher (Spriggan Hunter)          Turns: 9942, Time: 00:59:40

HP:   -3/76 (79)    AC: 26    Str:  9    XL:     12   Next: 38%
MP:   6/6           EV:  4    Int: 28    God:    Fedhas [***...]
Gold: 948           SH:  5    Dex: 22    Spells: 2/20 levels left

rFire   . . .        H - +9 war axe of Risk Management {antimagic, rPois Str+2 Int+4}
rCold   . . .        (no shield)
rNeg    . . .        G - melded +0 steam dragon scales
rPois   +            S - melded +2 hat {Will+}
rElec   .            C - melded +0 cloak
rCorr   .            (gloves unavailable)
SInv    +            (boots unavailable)
Will    ++...        U - amulet of reflection
Stlth   +++++        s - +6 ring of intelligence
HPRegen 0.32/turn    g - +6 ring of intelligence
MPRegen 0.10/turn

%: reflection
@: mighty, tree-form, slowed, lightly drained, very slow
A: stationary, stasis, torment immunity, boosted hp, very small, no large
weapons, unfitting armour, see invisible, (speed 3), (iridescent scales 1), no
potion heal 1
a: Renounce Religion, Wall of Briars, Grow Ballistomycete


You were on level 12 of the Dungeon.
You worshipped Fedhas.
Fedhas was most pleased with you.
You were a tree.
You visited 2 branches of the dungeon, and saw 15 of its levels.

You collected 948 gold pieces.

Inventory:

Hand Weapons
 a - a +0 shortbow
 h - a +1 hand axe of freezing
 k - the +5 dagger of Taqaw {flame, *Corrode rPois Dex+2}
   (You found it on level 5 of the Dungeon)

   Dex:       It affects your dexterity (+2).
   rPois:     It protects you from poison.
   *Corrode:  It may corrode you when you take damage.
 n - a +3 arbalest of draining
 z - a +4 spectral quarterstaff
 H - the +9 war axe of Risk Management (weapon) {antimagic, rPois Str+2 Int+4}
   (You found it on level 7 of the Dungeon)

   Str:       It affects your strength (+2).
   Int:       It affects your intelligence (+4).
   rPois:     It protects you from poison.
 Z - the +27 heavy crossbow "Sniper" {heavy, Acc+∞ SInv}
   (You found it on level 14 of the Dungeon)

   Acc+∞: It never misses its target.
   SInv:      It lets you see invisible.
Missiles
 e - 40 poisoned darts
 j - 6 curare-tipped darts (quivered)
 l - 2 datura-tipped darts
 J - 14 boomerangs
Armour
 c - a +1 robe
 C - a +0 cloak (melded)
 G - +0 steam dragon scales (melded)
 O - a +0 troll leather armour
 S - a +2 hat of willpower (melded)
Jewellery
 g - a +6 ring of intelligence (right branch)
 o - a ring of positive energy
 q - an amulet of guardian spirit
 r - a ring of willpower
 s - a +6 ring of intelligence (left branch)
 x - a ring of positive energy
 y - a ring of resist corrosion
 A - an amulet of faith
 F - a ring of protection from fire
 U - an amulet of reflection (around neck)
 V - an amulet of regeneration
 W - a +6 ring of intelligence
Wands
 w - a wand of flame (40)
 R - a wand of polymorph (9)
Scrolls
 b - 7 scrolls of immolation
 p - 6 scrolls of teleportation
 B - 4 scrolls of amnesia
 D - 3 scrolls of poison
 M - a scroll of blinking
 X - 2 scrolls of fog
 Y - 3 scrolls of silence
Potions
 d - 4 potions of curing
 f - a potion of resistance {unknown}
 i - 8 potions of mutation
 t - a potion of might
 u - 2 potions of haste {unknown}
 v - a potion of magic
 K - a potion of flight
 N - a potion of degeneration {unknown}
 P - a potion of cancellation
 T - a potion of brilliance {unknown}


   Skills:
 - Level 1.5 Fighting
 * Level 14.2 Ranged Weapons
 + Level 3.5 Throwing
 * Level 9.1 Dodging
 * Level 10.3 Stealth
 + Level 4.9 Spellcasting
 + Level 5.2 Hexes
 + Level 3.4 Summonings
 * Level 6.5 Translocations
 * Level 7.6 Transmutations
 * Level 5.2 Invocations
 * Level 6.0 Evocations


You had 2 spell levels left.
You knew the following spells:

 Your Spells              Type           Power      Damage    Failure   Level
a - Summon Small Mammal   Summ           100%       N/A       1%          1
b - Summon Guardian Gole  Hex/Summ       31%        N/A       3%          3
c - Wereblood             Tmut           49%        N/A       1%          2
d - Portal Projectile     Hex/Tloc       78%        N/A       1%          3
e - Cigotuvi's Dreadful   Necr/Pois/Air  12%        N/A       11%         2
f - Teleport Other        Tloc           43%        N/A       1%          3
g - Passage of Golubria   Tloc           43%        N/A       4%          4

Your spell library contained the following spells:

 Spells                   Type           Power      Damage    Failure   Level
 Beastly Appendage        Tmut           98%        N/A       1%          1
 Lesser Beckoning         Tloc           86%        N/A       1%          2
 Ensorcelled Hibernation  Hex/Ice        42%        N/A       3%          2
 Poisonous Vapours        Pois/Air       12%        N/A       11%         2
 Static Discharge         Conj/Air       12%        2-3/arc   11%         2
 Sublimation of Blood     Necr           6%         N/A       11%         2
 Gell's Gravitas          Tloc           43%        N/A       1%          3
 Call Canine Familiar     Summ           26%        N/A       4%          3
 Spider Form              Tmut/Pois      28%        N/A       4%          3
 Vhi's Electric Charge    Tloc/Air       50%        N/A       5%          3
 Mephitic Cloud           Conj/Pois/Air  6%         N/A       21%         3
 Anguish                  Hex/Necr       10%        N/A       24%         4
 Leda's Liquefaction      Hex/Erth       10%        N/A       24%         4
 Summon Lightning Spire   Summ/Air       16%        N/A       32%         4
 Silence                  Hex/Air        10%        N/A       54%         5
 Airstrike                Air            3%         2d(1-17)  56%         4
 Dispel Undead            Necr           6%         3d8       56%         4
 Dispersal                Tloc           21%        N/A       58%         6
 Arcjolt                  Conj/Air       3%         1d13      88%         5
 Freezing Cloud           Conj/Ice/Air   3%         6-21      88%         5
 Death Channel            Necr           3%         N/A       100%        6
 Plasma Beam              Fire/Air       3%         2x1d14    100%        6
 Summon Hydra             Summ           13%        N/A       100%        7
 Lehudib's Crystal Spear  Conj/Erth      3%         10d2      100%        8


Dungeon Overview and Level Annotations

Branches:
Dungeon (14/15)            Temple (1/1) D:5             Orc (0/2) D:11
   Lair: D:8-11      Vaults: D:13-14

Altars:
Ashenzari
Cheibriados
Dithmenos
Elyvilon
Fedhas
Gozag
Hepliaklqana
Kikubaaqudgha
Makhleb
Nemelex Xobeh
Okawaru
Qazlal
Ru
Trog
Uskayaw
Vehumet
Wu Jian
Xom
Yredelemnul
Zin
The Shining One

Shops:
D:9 (

Annotations:
D:9 1 runed translucent door, booth's ghost, novice GrMo
D:12 Josephine


Innate Abilities, Weirdness & Mutations

You are a tree.
Your roots penetrate the ground, keeping you stationary.
You cannot be teleported.
You are immune to unholy pain and torment.
Your maximum health is greatly increased.
Your equipment is partially melded.
You are very small and have problems with some larger weapons.
You are too small for most types of armour.
You have supernaturally acute eyesight. (SInv)
((You cover ground extremely quickly. (Speed+++)))
((You are partially covered in iridescent scales. (AC +2)))
Potions are less effective at restoring your health.


Message History

The bolt hits the wraith but does no damage.
The wraith is severely damaged.
The wraith barely misses you. The wraith hits you.
The wraith hits you but does no damage.
The wraith hits your briar patch but does no damage.
The wraith hits you but does no damage.
Unknown command.
Unknown command.
It was a potion of might.
You feel very mighty all of a sudden. The wraith hits you but does no damage.
You block the wraith's attack.
The wraith is struck by your briar patch's thorns.
The wraith is destroyed!
Fedhas accepts your kill. You block the wraith's attack.
You feel stronger.
You feel clever.
You feel magic leave you.
H - the +9 war axe of Risk Management (weapon)
{antimagic, rPois Str+2 Int+4} Unknown command.
You closely miss Josephine.
Josephine is almost dead.
You hit the wraith. Josephine hits you but does no damage.
The wraith hits you but does no damage.
Josephine gestures at you while chanting.
The ghostly flame explodes!
The ghostly fireball engulfs you!
You feel drained.
* * * LOW HITPOINT WARNING * * *
The ghostly fireball engulfs your briar patch!!
Your briar patch is drained!
The ghostly fireball engulfs the wraith.
The wraith completely resists.
The ghostly fireball engulfs Josephine.
Josephine completely resists.
The ghostly fireball engulfs your briar patch!!
Your briar patch is drained!
Your briar patch is destroyed!
Your briar patch disappears in a puff of smoke!
The wraith hits you.
* * * LOW HITPOINT WARNING * * *
The wraith hits you but does no damage. Josephine draws life force from you!
You die...
Fedhas appreciates your contribution to the ecosystem.

,,,,,,,@.*
*,,,,,,**.W,..,#
,,,,,,*#)##
*,,,,,,**..,###*
*******#..#
*,,,,,,**,,,,,*
*#.###
*,,,,,,**,,,*,*
#.[.##
****,****,,,*,*
###..#####
*,.J,,,,***,*
##†...W# *..,,,*,*
*,*
#...WW#*#J,,,,,,*
*,*
##.Y@♣#,.,,,,,***
*,* ##Y###.#,,..,*
*,*
#.###J#..#*******,*
#.#.YJY.#,,,,,,,,,*
#Y..#,,,,,,********
#J.Y#,,,,,,*
#####,,,,,,*
*,,,,,,* *,,,,,,*


You could see Josephine (poisoned, ally target), 2 yaks and 3 wraiths.

Vanquished Creatures
  A rakshasa (D:14)
  3 two-headed ogres
  2 boulder beetles
  A deep elf pyromancer (D:14)
  A salamander (shapeshifter) (D:14)
  An ugly thing (shapeshifter) (D:9)
  An ugly thing (D:13)
  3 cyclopes
  A gargoyle (D:14)
  2 efreet (D:9)
  A yaktaur (D:9)
  A kobold demonologist (D:12)
  A troll (D:9)
  A meliai (D:9)
  4 slime creatures
  A shadow (D:9)
  9 yaks
  4 wyverns
  A wraith (D:12)
  A basilisk (D:14)
  2 steam dragons
  A vampire mosquito (D:14)
  An acid dragon (D:9)
  2 water moccasins
  9 orc warriors
  A black bear (D:4)
  A sky beast (D:7)
  4 ice beasts
  An ogre (D:6)
  A boggart (D:14)
  4 centaurs
  A phantom (D:6)
  6 kobold brigands
  Blork the orc (D:5)
  4 bullfrogs
  A scorpion (D:6)
  2 wights (D:9)
  3 killer bees (D:9)
  2 howler monkeys
  4 hounds
  8 orc priests
  Crazy Yiuf (D:6)
  A sleepcap (D:5)
  2 gnoll boudas (D:6)
  Terence (D:3)
  2 iguanas (D:5)
  9 orc wizards
  19 gnolls
  11 adders
  2 shadow imps (D:6)
  A white imp (D:6)
  2 ufetubi
  4 worms
  4 dart slugs
  27 orcs
  6 bats
  8 endoplasms
  4 giant cockroaches
  6 goblins
  3 hobgoblins
  12 jackals
  7 quokkas
  4 ball pythons
  4 frilled lizards
  17 kobolds
  7 rats
263 creatures vanquished.

Vanquished Creatures (collateral kills)
  A centaur warrior (D:14)
  2 manticores (D:9)
  A wraith (D:12)
  A shadow (D:9)
  A wyvern (D:9)
  A yak (D:9)
  2 centaurs (D:14)
  A wight (D:9)
  A killer bee (D:9)
  An orc priest (D:9)
  A howler monkey simulacrum (D:9)
  An orc (D:11)
  5 ballistomycete spores
19 creatures vanquished.

Vanquished Creatures (others)
  A hydra (D:14)
  An ogre mage (D:9)
  A fire crab (D:9)
  A slime creature (D:12)
  2 vampire mosquitoes (D:14)
  An acid dragon (D:12)
  A sleepcap (D:8)
  2 ballistomycete spores
10 creatures vanquished.

Grand Total: 292 creatures vanquished

Notes
Turn   | Place    | Note
-------+----------+-------------------------------------------
     0 | D:1      | tkbsonic5 the Spriggan Hunter began the quest for the Orb.
     0 | D:1      | Reached XP level 1. HP: 10/10 MP: 2/2
     0 | D:1      | Noticed a draconian
     0 | D:1      | Noticed a tengu
     1 | D:1      | Noticed a formicid
     5 | D:1      | Noticed a human
     9 | D:1      | Noticed a formicid
    13 | D:1      | Noticed a human
    13 | D:1      | Noticed an elf
    15 | D:1      | Noticed a ghoul
    17 | D:1      | Noticed a spriggan
    19 | D:1      | Noticed a vampire
    19 | D:1      | Noticed a merfolk
    79 | D:1      | Reached XP level 2. HP: 14/14 MP: 3/3
   584 | D:1      | Reached XP level 3. HP: 18/18 MP: 4/4
  1191 | D:2      | Reached XP level 4. HP: 22/22 MP: 5/5
  1297 | D:2      | Reached skill level 5 in Ranged Weapons
  1964 | D:3      | Found an opulent altar of Gozag.
  1991 | D:3      | Noticed Terence
  1993 | D:3      | Gained mutation: Potions are less effective at restoring
                  | your health. [potion of mutation]
  1993 | D:3      | Gained mutation: You are partially covered in iridescent
                  | scales. (AC +2) [potion of mutation]
  2139 | D:3      | Reached XP level 5. HP: 25/25 MP: 6/6
  2241 | D:3      | Learned a level 1 spell: Summon Small Mammal
  2245 | D:3      | Learned a level 3 spell: Summon Guardian Golem
  2304 | D:3      | Killed Terence
  2524 | D:3      | Found a faded altar of an unknown god.
  2611 | D:4      | Noticed a black bear
  2613 | D:4      | Reached skill level 13 in Ranged Weapons
  2613 | D:4      | Reached XP level 6. HP: 30/30 MP: 7/7
  2774 | D:4      | Reached skill level 1 in Summonings
  2851 | D:4      | Reached XP level 7. HP: 33/33 MP: 9/9
  2912 | D:4      | Reached skill level 1 in Hexes
  2959 | D:4      | Learned a level 2 spell: Wereblood
  3051 | D:4      | Reached skill level 1 in Spellcasting
  3128 | D:4      | Found an ornate altar of the Wu Jian Council.
  3251 | D:5      | Entered Level 5 of the Dungeon
  3858 | D:5      | Reached skill level 5 in Stealth
  3858 | D:5      | Reached skill level 1 in Transmutations
  3862 | D:5      | Found a staircase to the Ecumenical Temple.
  3867 | D:5      | Identified the +5 dagger of Taqaw {flame, *Corrode rPois
                  | Dex+2}
  3910 | Temple   | Entered the Ecumenical Temple
  3923 | Temple   | Became a worshipper of Fedhas Madash
  4186 | D:5      | Found a hazy altar of Hepliaklqana.
  4212 | D:5      | Noticed Blork the orc
  4234 | D:5      | Killed Blork the orc
  4300 | D:5      | Reached skill level 5 in Dodging
  4553 | D:6      | Reached XP level 8. HP: 37/37 MP: 11/11
  4731 | D:6      | Identified the +5 chain mail of Divine Compulsion {Rampage
                  | rPois Will- Regen+}
  4870 | D:6      | Identified a scroll of acquirement
  4870 | D:6      | Acquired a +3 heavy arbalest
  5079 | D:6      | Reached * piety under Fedhas
  5197 | D:6      | Found a burning altar of Makhleb.
  5204 | D:6      | Found a glowing silver altar of Zin.
  5204 | D:6      | Noticed an angel
  5204 | D:6      | Noticed a blizzard demon
  5365 | D:6      | Found a runed translucent door.
  5366 | D:6      | Noticed Crazy Yiuf
  5383 | D:6      | Killed Crazy Yiuf
  5616 | D:7      | Identified the +9 war axe of Risk Management {antimagic,
                  | rPois Str+2 Int+4}
  5634 | D:7      | Learned a level 3 spell: Portal Projectile
  5637 | D:7      | Learned a level 2 spell: Cigotuvi's Dreadful Rot
  5653 | D:7      | Reached XP level 9. HP: 35/41 MP: 11/13
  6129 | D:7      | Noticed a two-headed ogre
  6154 | D:7      | Killed a two-headed ogre
  6155 | D:7      | Reached skill level 1 in Throwing
  6155 | D:7      | Reached skill level 1 in Translocations
  6155 | D:7      | Reached skill level 1 in Invocations
  6155 | D:7      | Reached skill level 1 in Evocations
  6386 | D:7      | Reached ** piety under Fedhas
  6584 | D:8      | Found an iron altar of Okawaru.
  6588 | D:8      | Found a bloodstained altar of Trog.
  6883 | D:8      | Reached XP level 10. HP: 46/46 MP: 15/15
  6904 | D:8      | Identified the +4 ring mail of Monotheism {Dex+5}
  7077 | D:8      | Found a radiant altar of Vehumet.
  7091 | D:8      | Found a sacrificial altar of Ru.
  7372 | D:9      | Found Atuoxo's Antique Weapon Boutique.
  7739 | D:9      | Noticed booth's ghost (novice GrMo)
  7793 | D:9      | Reached skill level 5 in Transmutations
  7802 | D:9      | Found a runed translucent door.
  7806 | D:9      | Reached *** piety under Fedhas
  7808 | D:9      | Noticed an ogre mage
  7814 | D:9      | Noticed a red ugly thing
  7817 | D:9      | Killed an ogre mage
  7976 | D:9      | Killed a green ugly thing
  7983 | D:9      | Learned a level 3 spell: Teleport Other
  8021 | D:9      | Noticed a boulder beetle
  8027 | D:9      | Killed a boulder beetle
  8039 | D:9      | Noticed a cyclops
  8043 | D:9      | Killed a cyclops
  8044 | D:9      | Reached XP level 11. HP: 49/49 MP: 17/17
  8107 | D:9      | Noticed a two-headed ogre
  8113 | D:9      | Killed a two-headed ogre
  8319 | D:9      | Noticed a centaur warrior
  8643 | D:9      | Noticed a fire crab
  8646 | D:9      | Noticed a two-headed ogre
  8682 | D:9      | Killed a two-headed ogre
  8683 | D:9      | Reached skill level 14 in Ranged Weapons
  8683 | D:9      | Reached skill level 5 in Translocations
  8845 | D:10     | Entered Level 10 of the Dungeon
  8891 | D:11     | Reached **** piety under Fedhas
  8893 | D:11     | Found a staircase to the Orcish Mines.
  9053 | D:13     | Noticed a green ugly thing
  9095 | D:13     | Killed a green ugly thing
  9179 | D:14     | Learned a level 4 spell: Passage of Golubria
  9188 | D:14     | Noticed a deep elf pyromancer
  9253 | D:14     | Reached skill level 5 in Evocations
  9303 | D:14     | Found the +27 heavy crossbow "Sniper" {heavy, Acc+∞ SInv}
  9387 | D:14     | Noticed a five-headed hydra
  9388 | D:14     | Noticed a boulder beetle
  9399 | D:14     | Killed a boulder beetle
  9400 | D:14     | Reached XP level 12. HP: 41/53 MP: 19/19
  9495 | D:14     | Noticed a rakshasa
  9515 | D:14     | Killed a rakshasa
  9574 | D:14     | Noticed an eight-headed hydra
  9663 | D:14     | Noticed a centaur warrior
  9673 | D:14     | Killed a centaur warrior
  9674 | D:14     | Reached skill level 10 in Stealth
  9674 | D:14     | Reached skill level 5 in Hexes
  9680 | D:14     | Reached skill level 5 in Invocations
  9910 | D:12     | Noticed Josephine
  9942 | D:12     | Killed from afar by Josephine

Illustrated notes

Levels and vault maps discovered:
D:1:      shiori_arrival_whats_in_store_for_you, layout_basic
D:2:      layout_basic, kennysheep_generic_room_14
D:3:      layout_rooms, nicolae_gozag_cash_rules_everything_around_me,
          hellmonk_ecumenical_altar_inner_sanctum, minmay_door_square,
          uniq_terence
D:4:      layout_cave_pools, lemuel_doored_altar
D:5:      layout_loops_ring, nicolae_overflow_crystal_walls,
          minmay_temple_entry_stoned_glass, serial_rivers,
          chequers_serial_rivers_room_b, chequers_serial_rivers_small_b,
          chequers_serial_rivers_large_a, chequers_serial_rivers_room_b,
          chequers_serial_rivers_small_b, chequers_serial_rivers_marsh,
          uniq_blork_the_orc
D:6:      layout_basic, grunt_temple_overflow_order_and_chaos_2,
          uniq_crazy_yiuf_cottage
D:7:      layout_basic
D:8:      layout_loops_cross, lemuel_tele_altar, nicolae_overflow_hidden_temple,
          nicolae_zen_rock_garden
D:9:      layout_basic, hellmonk_ghost_big_iron, serial_shops, shop,
          nicolae_rejected_hall
D:10:     layout_loops_ring, nicolae_sif_muna_little_library,
          erik_lair_orcish_takeover
D:11:     layout_basic, orc_david_3, uniq_lodul, uniq_maurice
D:12:     layout_basic, uniq_nergalle, uniq_josephine
D:13:     layout_gridville, david_vaults_5
D:14:     layout_irregular_city, skrybe_limestone_x, minmay_bent
Temple:   hellmonk_temple_two_chambers

Skill      XL: |  1  2  3  4  5  6  7  8  9 10 11 12 |
---------------+-------------------------------------+-----
Stealth        | 2 3 4 5 6 7 8 9 10 | 10.3
Dodging        | 3 4 5 6 7 8 9 |  9.1
Ranged Weapons | 5 13 14 | 14.2
Summonings     | 1 2 3 |  3.4
Hexes          | 1 2 3 4 5 |  5.2
Spellcasting   | 1 2 3 4 |  4.9
Transmutations | 1 3 4 5 7 |  7.6
Throwing       | 1 2 3 |  3.5
Translocations | 1 3 5 6 |  6.5
Invocations    | 2 3 4 5 |  5.2
Evocations     | 1 3 5 6 |  6.0
Fighting       | |  1.5

Action                     |  1- 3 |  4- 6 |  7- 9 | 10-12 || total
---------------------------+-------+-------+-------+-------++-------
  Melee: War axe           |       |       |       |     1 ||     1
   Fire: Shortbow          |   105 |   132 |   198 |       ||   435
         Arbalest          |       |       |   132 |   293 ||   425
  Throw: Dart              |       |       |       |     5 ||     5
   Cast: Summon Small Mamm |       |     2 |       |     2 ||     4
         Wereblood         |       |       |     7 |    10 ||    17
         Portal Projectile |       |       |     2 |     2 ||     4
         Summon Guardian G |       |       |       |     1 ||     1
         Cigotuvi's Dreadf |       |       |       |     1 ||     1
 Invoke: Wall of Briars    |       |       |       |     4 ||     4
         Grow Ballistomyce |       |       |       |     4 ||     4
         Overgrow          |       |       |       |     1 ||     1
  Evoke: Wand              |       |       |       |    28 ||    28
    Use: Scroll            |     2 |       |    18 |     9 ||    29
         Potion            |       |     3 |       |    10 ||    13
 Armour: Robe              |     3 |     6 |     4 |       ||    13
         Steam dragon scal |       |       |       |    12 ||    12
         Skin              |       |       |       |    18 ||    18
  Dodge: Dodged            |    33 |    23 |    47 |    80 ||   183
  Block: Other             |       |       |       |    10 ||    10
         Reflection        |       |       |       |     4 ||     4
